 Dungeon Crawl Stone Soup version 0.20-a0-77-g476458c (webtiles) character file.

39 KristoblXynda the Charmwright (level 3, 0/29 HPs)
             Began as a Draconian Skald on Nov 19, 2016.
             Slain by a goblin
             ... wielding a +0 club
             ... led by Robin
              (3 damage)
             ... on level 2 of the Dungeon.
             The game lasted 00:03:10 (1295 turns).

KristoblXynda the Charmwright (Draconian Skald)     Turns: 1295, Time: 00:03:11

Health: 0/29       AC:  6    Str: 14    XL:     3   Next: 28%
Magic:  6/6        EV: 12    Int: 13    God:
Gold:   41         SH:  0    Dex: 10    Spells: 1 memorised, 5 levels left

rFire  . . .     SeeInvis .     a - +0 hand axe
rCold  . . .     Gourm    .     (armour unavailable)
rNeg   . . .     Faith    .     (no shield)
rPois  .         Spirit   .     (helmet restricted)
rElec  .         Reflect  .     (no cloak)
rCorr  .         Harm     .     (no gloves)
MR     .....                    j - +0 pair of boots
Stlth  +.........               (no amulet)
                                (no ring)
                                (no ring)

@: no status effects
A: unfitting armour, cold-blooded, AC +5
a: no special abilities


You were on level 2 of the Dungeon.
You were not hungry.

You visited 1 branch of the dungeon, and saw 2 of its levels.

You collected 41 gold pieces.

Inventory:

Hand Weapons
 a - a +0 hand axe (weapon)
Missiles
 d - 7 javelins (quivered)
Armour
 j - a +0 pair of boots (worn)
Scrolls
 f - a scroll of noise
 i - 2 scrolls of random uselessness
Books
 b - a book of Battle

   Spells                             Type                      Level
   a - Infusion                       Charms                       1
   b - Shroud of Golubria             Charms/Translocation         2
   c - Song of Slaying                Charms                       2
   d - Spectral Weapon                Hexes/Charms                 3
   e - Regeneration                   Charms/Necromancy            3
Comestibles
 c - a bread ration
 k - 2 beef jerkies
 m - a meat ration


   Skills:
 - Level 2.1 Fighting
 + Level 2.4 Axes
 + Level 0.6 Throwing
 + Level 2.2 Dodging
 - Level 2.0 Spellcasting
 - Level 3.0 Charms


You had 5 spell levels left.
You knew the following spells:

 Your Spells              Type           Power        Failure   Level  Hunger
a - Infusion              Chrm           #...         10%         1    ##.....


Dungeon Overview and Level Annotations

Branches:
Dungeon (2/15)

Altars:

Annotations:
D:2 Robin


Innate Abilities, Weirdness & Mutations

Your plain brown scales are hard. (AC +5)
You cannot fit into any form of body armour.
You are cold-blooded and may be slowed by cold attacks.


Message History

The goblin barely misses you. The goblin hits you with a club.
The goblin barely misses you.
Unknown command.
You barely miss the goblin. You tail-slap the goblin.
The goblin is severely wounded.
You miss the goblin. You barely miss the goblin. You hit the goblin.
You kill the goblin!
You hit the goblin but do no damage. You hit the hobgoblin.
The goblin hits you with a dagger. The goblin hits you.
The hobgoblin closely misses you. The goblin hits you with a club.
* * * LOW HITPOINT WARNING * * *
The goblin closely misses you. The goblin hits you but does no damage.
You closely miss the goblin.
The goblin is severely wounded.
You hit the goblin. You miss the goblin. You barely miss the goblin. x2
You hit the hobgoblin but do no damage. The goblin hits you but does no damage.
The goblin barely misses you. The hobgoblin hits you.
* * * LOW HITPOINT WARNING * * *
The goblin hits you with a club.
You die...

..... ..... ####
.....
#######....#
...w.
####..gggg.....
r.$..
#.....g@glg....
.....
#.K.....##ggg....
.....##.....#.##
##8...8
..Kgr<.....###
#.## #####......#
.# #...#### #
#.### .w# ###


You could see Robin, a leopard gecko, 2 hobgoblins, 7 goblins and a kobold
(wandering).

Vanquished Creatures
  2 dart slugs (D:1)
  A leopard gecko (D:1)
  6 bats (D:1)
  4 goblins
  4 hobgoblins (D:1)
  4 jackals (D:1)
  A frilled lizard (D:1)
  5 kobolds (D:1)
  3 rats (D:1)
30 creatures vanquished.

Notes
Turn   | Place    | Note
-------+----------+-------------------------------------------
     0 | D:1      | KristoblXynda the Draconian Skald began the quest for the Orb.
     0 | D:1      | Reached XP level 1. HP: 17/17 MP: 3/3
   289 | D:1      | Reached XP level 2. HP: 22/24 MP: 5/5
   550 | D:1      | Reached skill level 3 in Charms
   817 | D:1      | Reached XP level 3. HP: 28/29 MP: 6/6
  1287 | D:2      | Noticed Robin
  1295 | D:2      | Slain by a goblin

Vault maps used:
D:1:      doesnt_arrival_goblin_jail
D:2:      nicolae_tso_carved_into_rock, first_bread, uniq_robin, uniq_terence

Skill      XL: |  1  2 |
---------------+-------+-----
Dodging        | 2 |  2.2
Charms         | 3 |  3.0
Fighting       | |  2.1
Axes           | |  2.4
Throwing       | |  0.6
Spellcasting   | |  2.0

Action                   || total
-------------------------++-------
Melee: Hand axe          ||    79
       Tailslap          ||    14
  Use: Scroll            ||     3
       Potion            ||     1
  Eat: Chunk             ||     1
Armor: Skin              ||    34
Dodge: Dodged            ||    66
